Map: Dusty Gorge

Players

GREGOR

  • Race: Zerg Zerg
  • Spawn Location: 3:00

ILIEKEGGPIE

  • Race: Zerg Zerg
  • League: Platinum
  • Spawn Location: 5:00

laravel - Winner!

  • Race: Zerg Zerg
  • Spawn Location: 9:00

OMOI - Winner!

  • Race: Zerg Zerg
  • Spawn Location: 11:00

VOD

Have the link to the VOD?

Description

Time

  • Played on: June 11, 2018, 9:03 p.m.
  • Length: 11:52
Show
View Real Time Build Order
Export as new Build Order

GREGOR Zerg 

Build Orders: Hatch First 

Get SALT Encoding   

  12  0:01  Drone  
  13  0:14  Overlord  
  13  0:19  Drone  
  14  0:23  Extractor  
  14  0:25  Drone  
  15  0:39  Drone x2  
  17  0:57  Hatchery  
  16  1:10  Spawning Pool  
  15  1:12  Extractor  
  15  1:14  Drone  
  15  1:19  Drone  
  15  1:21  Drone  
  17  1:27  Drone  
  18  1:37  Overlord  
  18  1:57  Queen  
  20  2:02  Zergling x2  
  20  2:03  Zergling x2  
  22  2:08  Queen  
  22  2:11  Metabolic Boost  
  24  2:31  Zergling x4  
  24  2:32  Zergling x2  
  24  2:34  Drone x2  
  29  2:43  Drone x2  
  31  2:44  Drone  
  32  2:53  Baneling Nest  
  31  3:01  Zergling x4  
  33  3:21  Lair  
  33  3:22  Drone  
  33  3:23  Drone x2  
  36  3:30  Overlord  
  36  3:44  Extractor  
  36  3:45  Extractor  
  36  3:46  Extractor  
  33  3:48  Drone  
  33  3:49  Drone x7  
  33  3:50  Drone  
  42  3:59  Spine Crawler  
  41  4:13  Baneling x2  
  41  4:14  Baneling  
  41  4:17  Drone  
  41  4:18  Drone x2  
  44  4:33  Spire  
  43  4:49  Overlord x2, Drone  
  43  4:50  Overlord  
  44  5:19  Overlord  
  44  5:35  Overlord  
  39  5:51  Mutalisk  
  39  5:52  Mutalisk x7  
  55  5:58  Spine Crawler  
  55  6:00  Spine Crawler  
  55  6:02  Mutalisk  
  55  6:16  Mutalisk  
  55  6:17  Mutalisk  
  59  6:24  Mutalisk  
  61  6:42  Mutalisk  
  61  6:43  Mutalisk  
  65  6:52  Mutalisk  
  67  7:15  Mutalisk x2  
  69  7:34  Mutalisk x2  
  69  7:36  Overlord x4  
  65  8:12  Mutalisk x4  
  73  8:20  Overlord  
  73  8:24  Mutalisk x2  
  73  8:26  Overlord  
  77  8:42  Drone x2  
  77  8:43  Hatchery  
  78  8:53  Mutalisk x3  
  85  8:55  Drone x2  
  85  8:56  Drone x3  
  89  9:10  Drone  
  89  9:11  Drone x2  
  92  9:24  Overlord x3  
  92  9:25  Overlord x2  
  92  9:32  Extractor  
  92  9:35  Mutalisk x2, Extractor  
  74  10:03  Mutalisk  
  74  10:04  Mutalisk x5  
Show
View Real Time Build Order
Export as new Build Order

ILIEKEGGPIE Zerg 

Build Orders: Pool First 

Get SALT Encoding   

  12  0:01  Drone  
  13  0:13  Overlord  
  13  0:22  Drone  
  14  0:33  Drone x2  
  16  0:45  Drone  
  16  0:49  Extractor  
  16  0:50  Drone  
  16  0:55  Spawning Pool  
  16  0:57  Drone  
  17  1:09  Drone  
  18  1:22  Hatchery  
  17  1:27  Drone  
  18  1:33  Drone  
  19  1:41  Queen  
  21  1:50  Overlord  
  21  1:59  Zergling x2  
  22  2:10  Overlord  
  22  2:13  Drone  
  23  2:19  Metabolic Boost  
  23  2:25  Drone  
  24  2:35  Queen  
  24  2:36  Zergling x4  
  28  2:47  Zergling x2  
  28  2:48  Zergling x2  
  30  2:54  Roach Warren  
  30  2:55  Drone x3  
  32  3:06  Drone x3  
  34  3:19  Drone x2  
  36  3:33  Drone  
  37  3:40  Drone x4, Extractor  
  40  3:51  Drone x3  
  40  3:55  Overlord x2  
  43  3:57  Extractor  
  43  4:01  Drone, Extractor  
  42  4:19  Lair  
  42  4:31  Drone  
  42  4:32  Drone x2  
  45  4:42  Overlord  
  45  4:47  Drone x2  
  45  4:48  Drone x4  
  51  4:54  Queen  
  51  4:56  Hatchery  
  52  5:11  Roach x7  
  66  5:24  Glial Reconstitution  
  66  5:30  Queen  
  68  5:45  Overlord  
  68  5:46  Overlord  
  68  5:55  Overseer  
  67  6:04  Drone x2  
  69  6:15  Roach x2  
  69  6:16  Roach x8  
  89  7:00  Evolution Chamber  
  88  7:05  Evolution Chamber  
  88  7:08  Drone x2  
  89  7:14  Overlord  
  89  7:15  Overlord x2  
  89  7:26  Pneumatized Carapace  
  78  7:47  Roach x5  
  78  7:48  Roach x13  
  100  7:51  Drone  
  100  7:52  Drone x2  
  100  7:55  Zerg Ground Armor Level 1, Zerg Missile Weapons Level 1  
  95  7:59  Burrow  
  95  8:04  Drone  
  95  8:05  Drone x2  
  96  8:27  Drone x5, Hydralisk Den  
  96  8:30  Spore Crawler  
  90  8:52  Drone x2  
  90  8:53  Drone  
  90  8:55  Spore Crawler  
  92  8:56  Spore Crawler  
  91  9:04  Drone x2  
  91  9:05  Drone x10  
  103  9:10  Muscular Augments  
  103  9:32  Drone x2  
  103  9:33  Overlord  
  103  9:34  Overlord x2  
  103  9:35  Overlord x2  
  85  10:08  Roach x6  
  85  10:20  Overseer  
  83  10:34  Extractor x2  
  69  10:37  Grooved Spines  
  69  10:38  Roach, Hydralisk  
  69  10:39  Roach, Hydralisk x4  
  69  10:40  Roach x3, Hydralisk x3  
  69  10:41  Hydralisk x3  
  101  11:12  Hydralisk  
  101  11:13  Roach, Hydralisk x9  
  125  11:33  Roach  
Show
View Real Time Build Order
Export as new Build Order

laravel Zerg - Winner!

Build Orders: Hatch First 

Get SALT Encoding   

  12  0:01  Drone  
  13  0:14  Overlord  
  13  0:19  Drone  
  14  0:33  Drone  
  14  0:34  Drone  
  16  0:43  Drone  
  16  0:49  Drone  
  18  0:52  Extractor  
  17  1:05  Drone  
  17  1:08  Hatchery  
  17  1:22  Spawning Pool, Drone  
  17  1:23  Drone  
  18  1:30  Drone  
  19  1:43  Overlord  
  19  1:57  Drone  
  20  2:09  Queen  
  20  2:11  Metabolic Boost  
  20  2:12  Zergling x2  
  20  2:13  Zergling x2  
  24  2:21  Drone  
  25  2:23  Queen  
  27  2:32  Roach Warren  
  27  2:35  Drone x2  
  28  2:43  Zergling x2  
  29  2:44  Zergling x2  
  29  2:51  Spine Crawler  
  29  3:01  Zergling x6  
  32  3:08  Zergling x2  
  32  3:09  Zergling x2  
  34  3:15  Roach  
  34  3:18  Overlord  
  36  3:37  Overlord  
  36  3:38  Roach  
  36  3:39  Roach x3  
  44  3:44  Overlord  
  43  4:03  Drone x3  
  43  4:04  Drone x2  
  48  4:18  Lair  
  48  4:21  Drone x4  
  52  4:47  Drone  
  52  4:48  Drone x4  
  52  4:51  Extractor  
  56  4:53  Hatchery  
  56  4:54  Overlord  
  55  5:05  Roach x2  
  55  5:06  Overlord  
  59  5:16  Extractor  
  58  5:23  Evolution Chamber  
  57  5:30  Overlord  
  57  5:31  Drone x6  
  57  5:32  Drone x4  
  67  5:54  Hydralisk Den  
  67  5:55  Zerg Missile Weapons Level 1  
  66  6:03  Drone x6  
  72  6:11  Extractor  
  71  6:15  Queen  
  71  6:17  Drone x5  
  71  6:18  Drone x3  
  81  6:27  Grooved Spines  
  81  6:30  Spore Crawler  
  80  6:33  Spore Crawler  
  79  6:42  Spore Crawler  
  79  6:45  Roach x6, Spine Crawler  
  89  6:57  Spore Crawler  
  88  7:13  Spore Crawler  
  88  7:14  Overlord x4  
  83  7:26  Overlord x3  
  83  7:27  Overlord x6, Spore Crawler  
  78  7:42  Roach  
  78  7:43  Roach x4  
  82  7:46  Glial Reconstitution  
  82  7:49  Muscular Augments  
  79  8:05  Drone x3  
  79  8:09  Spore Crawler  
  79  8:12  Hydralisk x5  
  90  8:30  Drone x4  
  90  8:31  Drone x2  
  96  8:41  Drone x2  
  98  8:47  Drone x3  
  101  9:03  Queen  
  101  9:05  Hydralisk x4  
  101  9:06  Hydralisk x2  
  115  9:14  Hydralisk x3  
  121  9:19  Extractor  
  121  9:20  Queen  
  121  9:21  Extractor  
  121  9:29  Hydralisk x2  
  121  9:30  Hydralisk x5  
  135  9:41  Hatchery  
  112  10:08  Hydralisk x6  
  121  10:14  Overseer  
  119  10:33  Hydralisk x3  
  119  10:34  Hydralisk x5  
  133  10:38  Queen  
  135  10:43  Lurker Den  
  135  10:47  Drone x2  
  135  10:48  Drone  
  137  10:53  Drone x2  
  139  11:32  Overlord x4  
  151  11:33  Overlord x2  
Show
View Real Time Build Order
Export as new Build Order

OMOI Zerg - Winner!

Build Orders: Hatch First 

Get SALT Encoding   

  12  0:01  Drone  
  13  0:08  Drone  
  14  0:17  Overlord  
  14  0:36  Drone x3  
  17  0:47  Drone  
  18  0:57  Drone  
  18  1:02  Hatchery  
  18  1:05  Extractor  
  18  1:10  Drone  
  18  1:20  Drone  
  18  1:25  Spawning Pool  
  18  1:31  Drone  
  19  1:41  Drone  
  20  1:53  Overlord  
  20  2:12  Queen  
  20  2:14  Zergling x4  
  20  2:15  Queen  
  26  2:16  Zergling x2  
  26  2:17  Metabolic Boost  
  27  2:25  Drone  
  27  2:26  Zergling x2  
  29  2:41  Drone  
  29  2:42  Zergling x2  
  31  2:45  Drone  
  31  2:48  Baneling Nest  
  31  2:58  Drone x3  
  34  3:06  Drone  
  34  3:08  Drone  
  36  3:17  Spine Crawler  
  36  3:18  Drone  
  36  3:19  Overlord  
  36  3:22  Overlord  
  36  3:32  Overlord  
  36  3:39  Baneling x4  
  36  3:40  Drone x2  
  36  3:41  Drone x3  
  40  3:46  Lair  
  41  4:06  Drone x5  
  46  4:14  Baneling x3, Extractor  
  45  4:22  Extractor x2  
  45  4:23  Drone x4  
  47  4:29  Drone x2  
  49  4:37  Drone  
  50  4:39  Drone  
  50  4:42  Drone x3  
  54  4:59  Baneling x3  
  54  5:00  Overlord  
  54  5:01  Zergling x8  
  58  5:14  Spire  
  58  5:20  Hatchery  
  55  5:30  Overlord  
  55  5:31  Overlord, Drone  
  55  5:32  Drone, Zergling x2  
  55  5:34  Overlord  
  57  5:57  Overlord  
  57  5:58  Drone x6  
  57  5:59  Overlord, Drone  
  64  6:06  Overseer  
  64  6:21  Overlord  
  64  6:26  Zerg Flyer Weapons Level 1  
  64  6:27  Mutalisk x4  
  72  6:42  Mutalisk x2  
  72  6:43  Mutalisk x3  
  72  6:45  Overlord  
  72  6:46  Drone  
  82  6:52  Spore Crawler  
  81  6:59  Spore Crawler  
  80  7:09  Mutalisk x3  
  80  7:11  Overlord, Drone x3  
  87  7:38  Mutalisk x3  
  87  7:39  Overlord, Zergling x4  
  87  7:40  Zergling x6  
  81  8:11  Overlord, Mutalisk x4  
  81  8:12  Overlord  
  86  8:17  Queen  
  86  8:18  Extractor  
  86  8:22  Extractor  
  79  8:49  Overlord x2, Mutalisk x4  
  79  8:51  Overlord, Drone x2  
  79  8:53  Queen  
  89  9:01  Mutalisk  
  91  9:03  Zergling x4  
  93  9:16  Corruptor  
  93  9:17  Corruptor x2  
  93  9:23  Corruptor  
  101  9:24  Overlord  
  101  9:25  Drone  
  102  9:42  Queen  
  102  9:43  Overlord, Drone x4  
  102  9:44  Drone x3  
  106  10:16  Spore Crawler  
  106  10:18  Overseer x2  
  105  10:22  Mutalisk x6  
  105  10:23  Mutalisk x2  
  105  10:24  Overlord, Zergling x2  
  105  10:25  Zergling x6  
  125  10:38  Queen  
  127  11:00  Overlord, Mutalisk x4  
  127  11:01  Mutalisk x2  
  127  11:03  Zergling x4  
  141  11:10  Hatchery  
  140  11:17  Mutalisk  
  140  11:18  Mutalisk x2  
  144  11:19  Overlord, Zergling x2  
  154  11:44  Hatchery  
Tags
 
Add a new tag
Caveats
  • Supply blocks, unpowered buildings, or Contaminate may cause inaccurate times.
  • Supply counts are checked every 10 seconds.